 Dungeon Crawl Stone Soup version 0.24-a0-217-g1152973 (webtiles) character file.

Game seed: 2051688501557089493

20539 Azzok the Geomancer (level 12, -5/66 HPs)
             Began as an Octopode Earth Elementalist on Mar 29, 2019.
             Was a Priest of Vehumet.
             Engulfed by a red draconian's flame (28 damage)
             ... in a volcano.
             The game lasted 00:25:48 (17424 turns).

Azzok the Geomancer (Octopode Earth Elementalist)  Turns: 17424, Time: 00:25:49

Health: -5/66      AC:  6    Str:  8    XL:     12   Next: 80%
Magic:  2/26       EV: 12    Int: 26    God:    Vehumet [***...]
Gold:   1037       SH: 12    Dex: 13    Spells: 18/31 levels left

rFire    . . .     SeeInvis .   j - +2 dagger (venom)
rCold    . . .     Gourm    .   z - +2 shield
rNeg     . . .     Faith    .   P - +2 hat {MR+}
rPois    .         Spirit   .   I - amulet of the acrobat
rElec    .         Reflect  .   e - +3 ring of protection
rCorr    .         Harm     .   f - ring of wizardry
MR       +....                  x - +5 ring of intelligence
Stlth    +++.......             (no ring)
HPRegen  0.21/turn              (no ring)
MPRegen  0.20/turn              (no ring)
                                (no ring)
                                (no ring)

@: no status effects
A: almost no armour, stealthy swim, amphibious, 8 rings, constrict 8, camouflage
1, gelatinous body 1
a: Renounce Religion


You were in a volcano.
You worshipped Vehumet.
Vehumet was most pleased with you.
You were not hungry.

You visited 3 branches of the dungeon, and saw 14 of its levels.
You also visited: Ossuary and Volcano.

You collected 1037 gold pieces.

Inventory:

Hand Weapons
 j - a +2 dagger of venom (weapon)
 y - the +6 dagger of Breach {pain, rN+}
   (You found it on level 4 of the Dungeon)

   In the hands of one skilled in necromantic magic, it inflicts extra damage on
   living creatures.
   It protects you from negative energy.
Missiles
 b - 213 stones (quivered)
 v - a throwing net
Armour
 z - a +2 shield (worn)
 P - a +2 hat of magic resistance (worn)
Jewellery
 e - a +3 ring of protection (left tentacle)
 f - a ring of wizardry (right tentacle)
 x - a +5 ring of intelligence (on tentacle)
 I - an amulet of the acrobat (around mantle)
Wands
 d - a wand of polymorph (21)
 t - a wand of paralysis (11)
 u - a wand of random effects (77)
 O - a wand of clouds (5)
Scrolls
 a - 10 scrolls of remove curse
 h - 2 scrolls of enchant armour {unknown}
 i - 5 scrolls of magic mapping
 k - 4 scrolls of teleportation {unknown}
 m - 5 scrolls of fear
 r - 5 scrolls of amnesia {unknown}
 s - a scroll of vulnerability {unknown}
 B - a scroll of acquirement {unknown}
 C - 2 scrolls of identify
 H - a scroll of brand weapon {unknown}
 J - 2 scrolls of fog {unknown}
 K - a scroll of summoning {unknown}
 L - 3 scrolls of blinking {unknown}
Potions
 g - 2 potions of lignification
 l - 2 potions of flight
 n - 2 potions of ambrosia
 o - 3 potions of resistance
 p - 2 potions of haste
 q - a potion of cancellation
 w - 6 potions of might
 A - 7 potions of heal wounds
 D - 2 potions of invisibility
 E - 3 potions of berserk rage
 F - a potion of mutation {!q}
 G - 5 potions of brilliance
 N - a potion of curing
Miscellaneous
 M - a lightning rod (4/4)
Comestibles
 c - 26 rations


   Skills:
 - Level 2.0 Dodging
 - Level 2.6 Stealth
 + Level 9.9 Shields
 + Level 10.1 Spellcasting
 + Level 10.5 Conjurations
 - Level 1.0 Transmutations
 + Level 11.1 Earth Magic


You had 18 spell levels left.
You knew the following spells:

 Your Spells              Type           Power        Failure   Level  Hunger
a - Sandblast             Erth           ######       1%          1    None
b - Stone Arrow           Conj/Erth      ######       1%          3    None
c - Petrify               Tmut/Erth      #####...     2%          4    None
d - Lee's Rapid Deconstr  Erth           ######....   1%          5    ####...

Your spell library contained the following spells:

 Spells                   Type           Power        Failure   Level  Hunger
 Sticky Flame             Conj/Fire      #####...     1%          4    None
 Passwall                 Tmut/Erth      #####...     1%          2    None
 Beastly Appendage        Tmut           ###...       2%          1    None
 Animate Skeleton         Necr           N/A          3%          1    None
 Corona                   Hex            ##.....      3%          1    None
 Pain                     Necr           ##..         3%          1    None
 Sticks to Snakes         Tmut           ###.....     3%          2    None
 Inner Flame              Hex/Fire       ##......     3%          3    None
 Leda's Liquefaction      Hex/Erth       #####.....   3%          4    None
 Slow                     Hex            ##......     5%          2    None
 Spider Form              Tmut/Pois      ###.......   9%          3    None
 Portal Projectile        Hex/Tloc       ##....       11%         3    None
 Regeneration             Chrm/Necr      ##........   11%         3    None
 Vampiric Draining        Necr           ##........   11%         3    None
 Ice Form                 Ice/Tmut       ###.....     26%         4    None
 Animate Dead             Necr           N/A          32%         4    None
 Cause Fear               Hex            ##........   32%         4    None
 Blade Hands              Tmut           ###.......   52%         5    ####...


Dungeon Overview and Level Annotations

Branches:
Dungeon (11/15)            Temple (1/1) D:6            Lair (2/6) D:8
 Shoals (0/4) Lair:2          Orc (0/2) D:9
  Snake: Lair:2-4    Spider: Lair:2-4

Altars:
Ashenzari
Cheibriados
Dithmenos
Elyvilon
Fedhas
Gozag
Hepliaklqana
Kikubaaqudgha
Makhleb
Nemelex Xobeh
Okawaru
Qazlal
Ru
Sif Muna
Trog
Uskayaw
Vehumet
Wu Jian
Xom
Yredelemnul
Zin
The Shining One

Shops:
D:8 (

Annotations:
D:9 3 runed translucent doors, bli's ghost, novice FoAK
D:10 2 runed translucent doors, emperorscorpion's ghost, novice MiBe


Innate Abilities, Weirdness & Mutations

You cannot wear most types of armour.
You are very stealthy in the water. (Stealth+)
You are amphibious.
You can wear up to eight rings at the same time.
You can use your tentacles to constrict eight enemies at once.
Your skin changes colour to match your surroundings (Stealth+).
Your rubbery body absorbs attacks. (AC +1, EV +1)


Message History

The red draconian is heavily wounded.
The blast of rock fragments hits the two-headed ogre!!
The two-headed ogre is heavily wounded.
* * * LOW MAGIC WARNING * * *
The red draconian breathes flames at you.
The searing blast hits you!!!
Ouch! That really hurt!
Casting: Lee's Rapid Deconstruction (safe; 1% risk of failure)
Confirm with . or Enter, or press ? or * to list all spells.
Aiming: Lee's Rapid Deconstruction (safe; 1% risk of failure)
Press: ? - help, Dir - move target cursor A granite statue.
The statue shatters!
The blast of rock fragments hits the red draconian!
The red draconian is heavily wounded.
The blast of rock fragments hits the two-headed ogre.
The two-headed ogre is severely wounded.
* * * LOW MAGIC WARNING * * *
You are engulfed in blazing flames.
You die...

▒···▒8≈≈≈8▒···▒
▒··'··≈··'··▒
▒··'····O'··▒
§▒▒·▒8··d8▒·▒▒§
≈≈▒▒▒·····▒▒▒§≈≈
≈≈§≈≈··)··≈§§§§≈
▒§§≈≈8···8≈§§§§§
▒▒▒≈≈·····≈§§≈§▒
▒≈≈··@··≈≈≈▒▒▒
▒▒≈8···8§≈≈▒
▒▒·····▒▒▒▒
▒·····▒ ▒8·)·8▒
▒·····▒ ▒·····▒
▒8···8▒ ▒·····▒


You could see a red draconian and a two-headed ogre.

Vanquished Creatures
  Gastronok (Lair:2)
  An ogre mage (Volcano)
  5 two-headed ogres (Volcano)
  A centaur warrior (D:11)
  A skeletal warrior (D:11)
  An ugly thing (D:11)
  Psyche (D:10)
  A black mamba (Lair:1)
  A torpor snail (Lair:2)
  2 spiny frogs
  A rime drake (Lair:1)
  A meliai (D:11)
  A troll (D:11)
  A queen bee (Lair:1)
  A hornet (D:11)
  4 blink frogs (Lair:1)
  Prince Ribbit (D:5)
  A dream sheep (Lair:2)
  3 hippogriffs
  3 wyverns
  A shadow (D:11)
  A spriggan (D:7)
  A wraith (D:10)
  2 steam dragons (D:9)
  9 yaks
  A hungry ghost (D:8)
  A water moccasin (Lair:1)
  A porcupine (Lair:2)
  Duvessa (D:6)
  2 ice beasts
  3 black bears
  3 orc warriors
  A swamp drake (D:9)
  4 sky beasts
  A necrophage (D:6)
  2 ogres
  3 wolves (Lair:1)
  6 centaurs
  A crocodile (Lair:1)
  2 phantoms
  10 bullfrogs
  Dowan (D:6)
  2 scorpions
  An electric eel (D:10)
  29 killer bees
  2 howler monkeys (D:7)
  A bullfrog zombie (D:7)
  2 crimson imps
  A centaur zombie (D:10)
  7 hounds
  10 orc priests
  3 bullfrog skeletons
  3 jellies
  4 centaur skeletons
  An iguana (D:10)
  13 orc wizards
  Ijyb (D:3)
  Natasha (thrice) (D:2)
  3 worker ants
  A statue (D:7)
  2 killer bee zombies
  A hound zombie (D:9)
  A hound skeleton (D:7)
  8 mummies (Ossuary)
  A howler monkey zombie (D:10)
  4 gnolls
  A howler monkey skeleton (D:9)
  16 adders
  A shadow imp (D:5)
  An ooze (D:2)
  2 adder zombies
  3 worms
  3 leopard geckos
  44 orcs
  2 ball pythons
  6 giant cockroaches
  2 gnoll zombies (Ossuary)
  5 goblins
  10 hobgoblins
  6 jackals
  2 quokkas
  6 bats
  6 frilled lizards
  A giant cockroach zombie (D:5)
  2 hobgoblin zombies (Ossuary)
  A jackal skeleton (D:8)
  5 kobolds
  2 kobold zombies (Ossuary)
  A leopard gecko skeleton (D:4)
  A leopard gecko zombie (D:8)
  2 orc zombies (Ossuary)
  A quokka zombie (D:7)
  2 rats (D:3)
  A rat zombie (D:7)
328 creatures vanquished.

Vanquished Creatures (others)
  27 plants (D:10)
27 creatures vanquished.

Grand Total: 355 creatures vanquished

Notes
Turn   | Place    | Note
-------+----------+-------------------------------------------
     0 | D:1      | Azzok the Octopode Earth Elementalist began the quest for
                  | the Orb.
     0 | D:1      | Reached XP level 1. HP: 11/11 MP: 3/3
   268 | D:1      | Reached XP level 2. HP: 17/17 MP: 0/5
   883 | D:2      | Reached XP level 3. HP: 21/21 MP: 2/7
   884 | D:2      | Noticed a phantom
   888 | D:2      | Learned a level 3 spell: Stone Arrow
   975 | D:2      | Found a hazy altar of Hepliaklqana.
  1254 | D:2      | Noticed Natasha
  1261 | D:2      | Killed Natasha
  1261 | D:2      | Reached skill level 1 in Conjurations
  1261 | D:2      | Reached XP level 4. HP: 15/27 MP: 8/8
  1580 | D:3      | Reached skill level 4 in Earth Magic
  1657 | D:3      | Noticed Ijyb
  1668 | D:3      | Killed Ijyb
  1827 | D:3      | Reached XP level 5. HP: 25/31 MP: 9/9
  2621 | D:3      | Reached XP level 6. HP: 21/36 MP: 3/11
  3400 | D:4      | Reached skill level 5 in Earth Magic
  3569 | D:4      | Got a crude dagger
  3854 | D:4      | Reached XP level 7. HP: 32/41 MP: 13/13
  4691 | D:2      | Noticed Natasha
  4696 | D:2      | Killed Natasha
  4854 | D:2      | Noticed Natasha
  4864 | D:2      | Killed Natasha
  5090 | D:5      | Entered Level 5 of the Dungeon
  5311 | D:5      | Identified the +6 dagger of Breach {pain, rN+} (You found
                  | it on level 4 of the Dungeon)
  5357 | D:5      | Learned a level 5 spell: Lee's Rapid Deconstruction
  5362 | D:5      | Learned a level 4 spell: Petrify
  5411 | D:5      | Noticed Prince Ribbit
  5418 | D:5      | Killed Prince Ribbit
  5418 | D:5      | Reached skill level 1 in Shields
  6328 | D:6      | Reached XP level 8. HP: 23/46 MP: 3/15
  6524 | D:6      | Reached skill level 5 in Spellcasting
  6538 | D:6      | Reached skill level 6 in Earth Magic
  7086 | D:6      | Reached skill level 5 in Conjurations
  7342 | D:6      | Noticed Duvessa
  7343 | D:6      | Noticed Dowan
  7344 | D:6      | Killed Duvessa
  7349 | D:6      | Reached XP level 9. HP: 20/51 MP: 0/17
  7532 | D:6      | Killed Dowan
  7751 | D:6      | Found a staircase to the Ecumenical Temple.
  7777 | Temple   | Entered the Ecumenical Temple
  8185 | D:7      | Reached skill level 7 in Earth Magic
  8534 | D:7      | Reached skill level 5 in Shields
  8628 | D:7      | Found a sand-covered staircase.
  8635 | Ossuary  | Entered an ossuary
  9218 | D:7      | Found a radiant altar of Vehumet.
  9225 | D:7      | Became a worshipper of Vehumet
  9278 | D:7      | Found a glowing golden altar of the Shining One.
  9278 | D:7      | Found a white marble altar of Elyvilon.
  9978 | D:8      | Found Asomp's Weapon Boutique.
 10095 | D:8      | Reached XP level 10. HP: 56/56 MP: 13/20
 10159 | D:8      | Reached skill level 8 in Earth Magic
 10298 | D:8      | Found a staircase to the Lair.
 10770 | D:9      | Found a runed translucent gate.
 10770 | D:9      | Found a runed translucent gate.
 10770 | D:9      | Found a runed translucent gate.
 11042 | D:9      | Noticed bli's ghost (novice FoAK)
 11191 | D:9      | Reached * piety under Vehumet
 11191 | D:9      | Offered knowledge of Flame Tongue by Vehumet.
 12045 | D:9      | Found a staircase to the Orcish Mines.
 12542 | D:10     | Entered Level 10 of the Dungeon
 12568 | D:10     | Noticed Psyche
 12576 | D:10     | Killed Psyche
 12905 | D:10     | Reached skill level 9 in Earth Magic
 13164 | D:10     | Reached XP level 11. HP: 53/61 MP: 9/23
 13589 | D:10     | Reached ** piety under Vehumet
 13632 | D:10     | Found a large runed translucent door.
 13632 | D:10     | Found a large runed translucent door.
 13633 | D:10     | Noticed emperorscorpion's ghost (novice MiBe)
 13649 | D:10     | Offered knowledge of Throw Flame by Vehumet.
 13948 | D:11     | Noticed a green ugly thing
 14309 | D:11     | Noticed a centaur warrior
 14315 | D:11     | Paralysed by a hornet for 1 turns
 14319 | D:11     | Paralysed by a hornet for 1 turns
 14320 | D:11     | Killed a centaur warrior
 14413 | D:11     | Killed a green ugly thing
 14617 | D:11     | Noticed a skeletal warrior
 14620 | D:11     | Killed a skeletal warrior
 14783 | D:11     | Noticed a death knight
 14785 | D:11     | Noticed an ogre mage
 14958 | Lair:1   | Entered Level 1 of the Lair of Beasts
 14970 | Lair:1   | Reached skill level 10 in Earth Magic
 15060 | Lair:1   | Offered knowledge of Static Discharge by Vehumet.
 15144 | Lair:1   | Reached *** piety under Vehumet
 15522 | Lair:1   | Reached XP level 12. HP: 66/66 MP: 12/25
 16077 | Lair:1   | Offered knowledge of Sticky Flame by Vehumet.
 16904 | Lair:2   | Noticed Gastronok
 17032 | Lair:2   | Killed Gastronok
 17032 | Lair:2   | Reached skill level 10 in Conjurations
 17044 | Lair:2   | Found a dark tunnel.
 17052 | Volcano  | Entered a volcano
 17152 | Volcano  | Found a burning altar of Makhleb.
 17152 | Volcano  | Noticed an ogre mage
 17153 | Volcano  | Noticed a two-headed ogre
 17155 | Volcano  | Noticed a two-headed ogre
 17168 | Volcano  | Killed a two-headed ogre
 17396 | Volcano  | Noticed a two-headed ogre
 17399 | Volcano  | Killed an ogre mage
 17401 | Volcano  | Killed a two-headed ogre
 17401 | Volcano  | Reached skill level 11 in Earth Magic
 17407 | Volcano  | Noticed a two-headed ogre
 17408 | Volcano  | Noticed a red draconian
 17410 | Volcano  | Noticed a two-headed ogre
 17411 | Volcano  | Noticed a two-headed ogre
 17412 | Volcano  | Killed a two-headed ogre
 17412 | Volcano  | Reached skill level 10 in Spellcasting
 17413 | Volcano  | Killed a two-headed ogre
 17413 | Volcano  | Killed a two-headed ogre
 17424 | Volcano  | Engulfed by a red draconian's flame

Levels and vault maps discovered:
D:1:      dpeg_arrival_solitude, layout_loops_ring, minmay_hedge_maze,
          minmay_pentomino_u2
D:2:      layout_basic, nicolae_overflow_crystal_walls, first_ration,
          uniq_natasha
D:3:      layout_loops_corners, serial_park_tiny_2, cheibrodos_gnoll_hut,
          uniq_ijyb
D:4:      layout_loops_ring, roderic_lattice_a
D:5:      layout_rooms, abandoned_shop, uniq_prince_ribbit1
D:6:      nicolae_whirlpool, layout_loops_ring,
          minmay_temple_entry_proselytizer, uniq_duvessa
D:7:      layout_cave_pools, vehumet_statue, gammafunk_temple_overflow_elements,
          enter_ossuary_4, the_bakery, grunt_decor_cap
D:8:      layout_cave_pools, lair_entry_dummy, serial_shops, shop
D:9:      layout_roguey, erik_orc_1, gammafunk_ghost_icy
D:10:     layout_roguey, ebering_ghost_disaster_area, serial_bayou_lagoon_a,
          minmay_misc_feat_x, uniq_psyche
D:11:     layout_roguey, minivault_28
Temple:   dpeg_five_rooms_temple
Lair:1:   layout_roguey, special_room [special_room_bee],
          chequers_serial_rivers_micro_e
Lair:2:   layout_loops_ring, elwin_shoals_entry_rooms, enter_volcano_1,
          special_room, ebering_ghost_xom, lemuel_fruit_fields, uniq_gastronok
Ossuary:  ossuary_tomb_3
Volcano:  kennysheep_volcano_temple

Skill      XL: |  1  2  3  4  5  6  7  8  9 10 11 12 |
---------------+-------------------------------------+-----
Spellcasting   | 3 4 5 6 8 9 10 | 10.1
Conjurations   | 1 2 3 4 5 6 8 9 10 | 10.5
Earth Magic    | 4 5 6 7 9 10 11 | 11.1
Shields        | 2 4 5 7 8 9 |  9.9
Dodging        | |  2.0
Stealth        | |  2.6
Transmutations | |  1.0

Action                   |  1- 3 |  4- 6 |  7- 9 | 10-12 || total
-------------------------+-------+-------+-------+-------++-------
Melee: Dagger            |    38 |    89 |    74 |    10 ||   211
       Constrict         |    10 |    23 |    15 |     3 ||    51
       Tentacles         |     7 |    18 |     9 |     1 ||    35
       Unarmed           |     5 |       |       |       ||     5
 Cast: Sandblast         |    12 |    42 |    71 |   145 ||   270
       Stone Arrow       |       |     3 |    57 |   172 ||   232
       Lee's Rapid Decon |       |       |    13 |    20 ||    33
       Petrify           |       |       |     3 |     2 ||     5
  Use: Scroll            |       |       |     9 |     9 ||    18
       Potion            |       |       |     2 |     2 ||     4
 Stab: Sleeping          |     2 |     7 |     4 |     1 ||    14
  Eat: Chunk             |     1 |     8 |    14 |    13 ||    36
       Ration            |       |       |     3 |     4 ||     7
Armor: Skin              |     7 |    29 |    14 |     9 ||    59
Dodge: Dodged            |    29 |    71 |    48 |    69 ||   217
Block: Shield            |       |       |       |    65 ||    65

Table legend:
 A = Non-vault XP
 B = Vault XP
 C = Vault XP percentage of total XP
 D = Non-vault monster count
 E = Vault monster count
 F = Vault count percentage of total count
                 A         B        C        D         E       F
            +---------+---------+-------+---------+---------+-------
      Total |   14943 |   14399 |  49.1 |     237 |      91 |  27.7
            +---------+---------+-------+---------+---------+-------
        D:1 |      25 |       1 |   3.8 |      16 |       1 |   5.9
        D:2 |     145 |      35 |  19.4 |      19 |       1 |   5.0
        D:3 |      61 |     135 |  68.9 |      17 |       4 |  19.0
        D:4 |     348 |       0 |   0.0 |      26 |       0 |   0.0
        D:5 |     118 |     268 |  69.4 |      13 |       1 |   7.1
        D:6 |     896 |     473 |  34.6 |      18 |       5 |  21.7
        D:7 |    1200 |     239 |  16.6 |      22 |       4 |  15.4
        D:8 |    1672 |       0 |   0.0 |      24 |       0 |   0.0
        D:9 |    1299 |     570 |  30.5 |      19 |      17 |  47.2
       D:10 |    2611 |     434 |  14.3 |      30 |       1 |   3.2
       D:11 |    1598 |    2976 |  65.1 |      11 |       7 |  38.9
     Lair:1 |    3577 |    1910 |  34.8 |      16 |      27 |  62.8
     Lair:2 |    1393 |    2328 |  62.6 |       6 |       1 |  14.3
    Ossuary |       0 |     154 | 100.0 |       0 |      16 | 100.0
    Volcano |       0 |    4876 | 100.0 |       0 |       6 | 100.0
            +---------+---------+-------+---------+---------+-------
